 Dungeon Crawl Stone Soup version 0.30.1-4-g462c640d31 (webtiles) character file.

Game seed: 12183595178394093426

404 gummiwulf the Chopper (level 6, -4/52 HPs)
             Began as a Minotaur Gladiator on Aug 10, 2023.
             Was an Initiate of Gozag.
             Slain by Blork the orc
             ... wielding a +0 trident
              (7 damage)
             ... on level 4 of the Dungeon.
             The game lasted 00:52:34 (2628 turns).

gummiwulf the Chopper (Minotaur Gladiator)          Turns: 2628, Time: 00:52:34

Health: -4/52      AC: 11    Str: 18    XL:     6   Next: 56%
Magic:  5/5        EV:  6    Int: 11    God:    Gozag
Gold:   282        SH:  0    Dex: 14    Spells: 5/5 levels left

rFire   . . .        w - +0 halberd
rCold   + . .        (shield currently unavailable)
rNeg    . . .        u - +0 plate armour
rPois   .            c - +0 hat
rElec   .            (no cloak)
rCorr   .            (no gloves)
SInv    .            (no boots)
Will    .....        (no amulet) Stlth
                     s - +6 ring of intelligence
HPRegen 0.28/turn    t - ring of protection from cold
MPRegen 0.09/turn

%: no passive effects
@: silenced, hasted, very quick
A: horns 2, retaliatory headbutt
a: Renounce Religion


You were on level 4 of the Dungeon.
You worshipped Gozag.
Gozag was aware of your devotion.
You visited 1 branch of the dungeon, and saw 4 of its levels.

You collected 349 gold pieces.
You paid 67 gold pieces to Gozag.

Inventory:

Hand Weapons
 a - a +0 war axe
 e - a +0 sling
 i - a +2 dagger of speed
 w - a +0 halberd (weapon)
Missiles
 j - 28 stones
 x - 3 poisoned darts (quivered)
Armour
 c - a +0 hat (worn)
 u - a +0 plate armour (worn)
Jewellery
 s - a +6 ring of intelligence (left hand)
 t - a ring of protection from cold (right hand)
Wands
 v - a wand of quicksilver (7)
Scrolls
 f - 2 scrolls of acquirement {unknown}
 g - a scroll of silence
 n - a scroll of vulnerability
 o - a scroll of teleportation
 q - 3 scrolls of identify
 r - 3 scrolls of blinking
Potions
 b - a potion of ambrosia {unknown}
 d - a potion of degeneration {unknown}
 k - a potion of might
 m - 2 potions of curing {SLEEP}
 p - 2 potions of lignification {unknown}
 z - a potion of flight {unknown}


   Skills:
 + Level 4.1 Fighting
 + Level 6.3(6.6) Axes
 + Level 2.6(4.8) Polearms
 + Level 2.4 Throwing
 + Level 2.9 Armour
 + Level 3.9 Dodging


You had 5 spell levels left.
You didn't know any spells.
Your spell library contained the following spells:

 Spells                   Type           Power      Damage    Failure   Level
 Magic Dart               Conj           0%         1d3       100%        1
 Blink                    Tloc           0%         N/A       100%        2
 Call Imp                 Summ           0%         N/A       100%        2
 Lesser Beckoning         Tloc           0%         N/A       100%        2
 Momentum Strike          Conj/Tloc      0%         3d8       100%        2
 Mephitic Cloud           Conj/Pois/Air  0%         N/A       100%        3


Dungeon Overview and Level Annotations

Branches:
Dungeon (4/15)
 Temple: D:4-7

Altars:
Gozag

Shops:
D:1 [

Annotations:
D:4 Blork the orc, Edmund, Sigmund


Innate Abilities, Weirdness & Mutations

You have a pair of horns on your head.
You reflexively headbutt those who attack you in melee.


Message History

Your surroundings suddenly seem different.
A dart slug comes into view.
Found a stone staircase leading down.
You slash the dart slug!
You kill the dart slug!
You now have 277 gold pieces (gained 7).
A dart slug comes into view.
The dart slug launches a dart at you. The slug dart misses you.
You hit the dart slug.
The dart slug is moderately wounded.
You hit the dart slug. You headbutt the dart slug.
You kill the dart slug!
You now have 282 gold pieces (gained 5).
As you read the scroll labelled KABU RUTACVIU, it crumbles to dust.
A profound silence engulfs you.
It was a scroll of silence.
Unknown command.
You feel your willpower return.
Blork the orc comes into view.
He is wielding a +0 trident.
You are too injured to fight recklessly!
An iguana comes into view.
Found 12 gold pieces.
Blork the orc hits you with a +0 trident.
* * * LOW HITPOINT WARNING * * *
You hit Blork the orc.
Blork the orc is lightly wounded.
A scorpion comes into view.
You hit Blork the orc but do no damage.
You headbutt Blork the orc, but do no damage.
Blork the orc is lightly wounded.
Blork the orc hits you but does no damage.
You hit Blork the orc.
Blork the orc is moderately wounded.
Blork the orc hits you with a +0 trident.
* * * LOW HITPOINT WARNING * * *
You closely miss the iguana.
The iguana bites you but does no damage.
Blork the orc hits you with a +0 trident!
You die...
Your body crumbles into a pile of gold.

$ #.(.. #....
#..... . .##....
#..##.# ##
....... #### .#
....... . ......$
$ #....
.##....########+#
...s..o@.........
......l..........
.##....##...###.
#.... #...#
...... #...#
.##.... #...#
#.... #...# .....
#...# #...##


You could see Blork the orc, a scorpion and an iguana.

Vanquished Creatures
  2 scorpions
  A jelly (D:4)
  A sleepcap (D:4)
  Terence (D:2)
  2 orc wizards (D:4)
  4 gnolls (D:2)
  6 adders
  3 dart slugs
  4 orcs
  3 ball pythons
  2 endoplasms
  4 giant cockroaches
  7 goblins
  5 hobgoblins
  3 jackals (D:3)
  2 quokkas
  4 bats
  3 frilled lizards
  4 kobolds (D:2)
  8 rats
69 creatures vanquished.

Notes
Turn   | Place    | Note
-------+----------+-------------------------------------------
     0 | D:1      | gummiwulf the Minotaur Gladiator began the quest for the
                  | Orb.
     0 | D:1      | Reached XP level 1. HP: 18/18 MP: 0/0
   279 | D:1      | Reached XP level 2. HP: 25/25 MP: 1/1
   334 | D:1      | Found Nemawkie's Antique Armour Shop.
   453 | D:1      | Reached skill level 4 in Axes
  1007 | D:2      | Noticed Terence
  1022 | D:2      | Killed Terence
  1023 | D:2      | Reached skill level 1 in Armour
  1023 | D:2      | Reached XP level 3. HP: 20/31 MP: 2/2
  1082 | D:2      | Noticed a scorpion
  1095 | D:2      | Killed a scorpion
  1096 | D:2      | Reached skill level 5 in Axes
  1096 | D:2      | Reached XP level 4. HP: 35/38 MP: 3/3
  1239 | D:2      | Reached XP level 5. HP: 45/45 MP: 4/4
  1687 | D:3      | Found an opulent altar of Gozag.
  1753 | D:3      | Became a worshipper of Gozag Ym Sagoz the Greedy
  1909 | D:3      | Reached skill level 6 in Axes
  2559 | D:4      | Reached skill level 1 in Polearms
  2559 | D:4      | Reached XP level 6. HP: 38/52 MP: 5/5
  2580 | D:4      | Noticed Sigmund
  2582 | D:4      | Noticed Edmund
  2595 | D:4      | HP: 1/52 [Edmund/+5 dire flail of holy wrath (2)]
  2621 | D:4      | Noticed Blork the orc
  2628 | D:4      | Slain by Blork the orc

Illustrated notes

Levels and vault maps discovered:
D:1:      dpeg_arrival_central, layout_basic, serial_shops,
          nicolae_shop_peninsula, minmay_quantized
D:2:      layout_rooms, minmay_misc_feat_roman, uniq_terence
D:3:      layout_loops_cross, grunt_gozag_breadcrumbs
D:4:      layout_gridville, nicolae_sif_muna_condensation,
          grunt_temple_overflow_cloverleaf, uniq_blork_the_orc, uniq_sigmund,
          uniq_edmund

Skill      XL: |  1  2  3  4  5  6 |
---------------+-------------------+-----
Axes           | 4 5 6 |  6.3
Fighting       | 3 4 |  4.1
Armour         | 1 2 |  2.9
Polearms       | 1 2 |  2.6
Throwing       | |  2.4
Dodging        | |  3.9

Action                     |  1- 3 |  4- 6 || total
---------------------------+-------+-------++-------
  Melee: War axe           |    77 |    23 ||   100
         Headbutt          |    12 |    17 ||    29
         Halberd           |       |    73 ||    73
         Punch             |       |     1 ||     1
  Throw: Dart              |       |     5 ||     5
         Throwing net      |       |     3 ||     3
         Javelin           |       |     1 ||     1
    Use: Potion            |     3 |     4 ||     7
         Scroll            |       |     6 ||     6
 Armour: Scale mail        |    19 |       ||    19
         Plate armour      |    30 |    60 ||    90
  Dodge: Dodged            |    39 |    32 ||    71
